 Dungeon Crawl Stone Soup version 0.28.0-45-g0d030f2227 (webtiles) character file.

Game seed: 12296974338716627301

1676 bobregger the Fighter (level 9, -9/97 HPs)
             Began as an Ogre Berserker on Apr 20, 2022.
             Was a Believer of Trog.
             Mangled by a gnoll
             ... wielding a +1 vampiric halberd
              (16 damage)
             ... on level 6 of the Dungeon.
             The game lasted 00:09:08 (7221 turns).

bobregger the Fighter (Ogre Berserker)              Turns: 7221, Time: 00:09:09

Health: -9/97      AC:  4    Str: 23    XL:     9   Next: 1%
Magic:  9/9        EV: 11    Int:  8    God:    Trog [**....]
Gold:   277        SH:  0    Dex: 12    Spells: 8/8 levels left

rFire   . . .      SeeInvis .   i - +4 flail (venom)
rCold   . . .      Faith    .   (no shield)
rNeg    . . .      Spirit   .   b - +1 animal skin
rPois   .          Reflect  .   (helmet restricted)
rElec   .          Harm     .   (no cloak)
rCorr   .          Rampage  .   (gloves unavailable)
Will    .....                   (boots unavailable)
Stlth   +.........              (no amulet)
HPRegen 0.26/turn               (no ring)
MPRegen 0.11/turn               (no ring)

@: on berserk cooldown, slowed, studying Armour, very slow
A: large, unfitting armour, tough skin 1
a: Renounce Religion, Berserk, Trog's Hand


You were on level 6 of the Dungeon.
You worshipped Trog.
Trog was pleased with you.
You visited 1 branch of the dungeon, and saw 6 of its levels.

You collected 277 gold pieces.

Inventory:

Hand Weapons
 i - a +4 flail of venom (weapon)
 n - a +0 giant club
Missiles
 g - 2 throwing nets (quivered)
Armour
 b - a +1 animal skin (worn)
Jewellery
 j - an amulet of faith
Wands
 f - a wand of paralysis (11)
 k - a wand of acid (1)
 m - a wand of charming (16)
 s - a wand of polymorph (12)
Scrolls
 c - a scroll of immolation
 d - a scroll of fear
 e - a scroll of amnesia
 h - 2 scrolls of fog
 r - a scroll of vulnerability
 t - a scroll of identify
Potions
 a - 6 potions of curing
 l - a potion of brilliance
 o - 2 potions of cancellation
 q - a potion of attraction {unknown}


   Skills:
 + Level 8.4 Fighting
 * Level 7.6 Maces & Flails
 + Level 5.8 Dodging


You had 8 spell levels left.
You didn't know any spells.
Your spell library was empty.

Dungeon Overview and Level Annotations

Branches:
Dungeon (6/15)             Temple (0/1) D:4

Altars:
Elyvilon
Kikubaaqudgha
Makhleb
Okawaru
Ru
Xom

Shops:
D:4 *


Innate Abilities, Weirdness & Mutations

You are too large for most types of armour.
You have tough skin. (AC +1)


Message History

The gnoll shaman hits you with a +0 whip!
It was a potion of ambrosia.
You are confused.
You feel invigorated.
The gnoll hits you from afar with a +0 spear.
The gnoll hits you with a +1 vampiric halberd!
The gnoll shaman barely misses you.
The gnoll hits you from afar with a +0 spear.
You barely miss the gnoll shaman. The gnoll barely misses you.
The gnoll hits you with a +1 vampiric halberd.
The gnoll shaman calls down the wrath of its god upon you.
You easily resist.
The gnoll hits you from afar with a +0 spear.
The gnoll barely misses you. The gnoll hits you with a +0 spear!
The gnoll barely misses you. The gnoll closely misses you.
The gnoll shaman hits you with a +0 whip!
You feel less invigorated.
You feel less confused. The gnoll misses you. The gnoll barely misses you.
The gnoll hits you with a +0 spear.
The gnoll shaman hits you with a +0 whip.
The gnoll hits you from afar with a +1 vampiric halberd.
The gnoll barely misses you.
You sock the gnoll shaman!
The gnoll shaman looks as sick as possible!
The gnoll shaman is severely wounded.
The gnoll shaman closely misses you. The gnoll hits you with a +0 spear!
* * * LOW HITPOINT WARNING * * *
The gnoll hits you from afar with a +1 vampiric halberd.
* * * LOW HITPOINT WARNING * * *
The gnoll shaman closely misses you. The gnoll hits you with a +0 spear.
* * * LOW HITPOINT WARNING * * *
You kill the gnoll shaman!
Trog accepts your kill.
The gnoll hits you from afar with a +0 spear!
* * * LOW HITPOINT WARNING * * *
The gnoll barely misses you. The gnoll hits you but does no damage.
The gnoll hits you from afar with a +1 vampiric halberd!
You die...

....# #.##.#
.....##.##.#
...........#
...#..#.#######
. +...).......
...#..).#######
........#
########.g#
.......@..#
########).#
#..g# ###.# #.#
#.# #.# #.# #.#


You could see 2 gnolls.

Vanquished Creatures
  Grinder (D:3)
  Edmund (D:4)
  A black bear (D:6)
  2 ice beasts
  An ogre (D:4)
  A phantom (D:4)
  2 gnoll sergeants
  A scorpion (D:6)
  The ghost of Naeght the Covert, a weakling GnDe (D:5)
  A water moccasin skeleton (D:4)
  A jelly (D:5)
  2 gnoll shamans
  2 orc priests
  A bullfrog zombie (D:5)
  2 hounds
  3 iron imps (D:3)
  An iguana (D:2)
  2 orc wizards (D:5)
  A hound zombie (D:5)
  A hound skeleton (D:4)
  12 gnolls
  A howler monkey skeleton (D:6)
  6 adders
  2 worms
  4 dart slugs
  10 orcs
  7 ball pythons
  2 bats
  3 bat zombies (D:4)
  5 endoplasms
  5 giant cockroaches
  4 hobgoblins
  3 quokkas
  2 frilled lizards (D:1)
  4 goblins
  10 kobolds
  4 rats
  3 rat zombies (D:4)
115 creatures vanquished.

Vanquished Creatures (collateral kills)
  A gnoll (D:5)
1 creature vanquished.

Vanquished Creatures (others)
  A gnoll sergeant (D:5)
  6 plants (D:5)
7 creatures vanquished.

Grand Total: 123 creatures vanquished

Notes
Turn   | Place    | Note
-------+----------+-------------------------------------------
     0 | D:1      | bobregger the Ogre Berserker began the quest for the Orb.
     0 | D:1      | Reached XP level 1. HP: 24/24 MP: 1/1
   157 | D:1      | Reached XP level 2. HP: 32/32 MP: 2/2
   463 | D:1      | Found a faded altar of an unknown god.
   904 | D:2      | Reached XP level 3. HP: 28/40 MP: 3/3
  1357 | D:2      | Reached XP level 4. HP: 36/49 MP: 4/4
  1468 | D:2      | Reached skill level 5 in Fighting
  1946 | D:2      | Reached XP level 5. HP: 27/57 MP: 5/5
  2275 | D:2      | Identified the +1 pair of boots of Leapfrog {rElec Will-
                  | Regen+ rCorr}
  2312 | D:2      | Found the +8 woodcutter's axe {vorpal}
  2761 | D:3      | Noticed Grinder
  2771 | D:3      | Paralysed by Grinder for 6 turns
  2777 | D:3      | Killed Grinder
  2778 | D:3      | Reached skill level 6 in Fighting
  2778 | D:3      | Reached skill level 5 in Maces & Flails
  2778 | D:3      | Reached XP level 6. HP: 42/67 MP: 6/6
  2916 | D:3      | Found a burning altar of Makhleb.
  2939 | D:3      | Reached XP level 7. HP: 75/75 MP: 7/7
  3212 | D:3      | Reached ** piety under Trog
  3636 | D:4      | Found a sacrificial altar of Ru.
  3927 | D:4      | Found an iron altar of Okawaru.
  3986 | D:4      | Found a shimmering altar of Xom.
  4227 | D:4      | Found a staircase to the Ecumenical Temple.
  4232 | D:4      | Noticed Edmund
  4243 | D:4      | Killed Edmund
  4247 | D:4      | Reached skill level 7 in Fighting
  4455 | D:4      | Found an ancient bone altar of Kikubaaqudgha.
  4509 | D:4      | Reached XP level 8. HP: 79/87 MP: 8/8
  4688 | D:4      | Found Itauw's CLEARANCE SALE!.
  4889 | D:5      | Entered Level 5 of the Dungeon
  4912 | D:5      | Reached skill level 5 in Dodging
  5029 | D:5      | Identified the +12 spear "Xoekkil" {venom, Fragile rElec
                  | rC+ SInv}
  5029 | D:5      | Identified the +0 scale mail of Cuphu {+Blink rC++ Dex+2}
  5423 | D:5      | Found a white marble altar of Elyvilon.
  5594 | D:5      | Found a transporter.
  5595 | D:5      | Found a transporter.
  5599 | D:5      | Noticed Naeght's ghost (weakling GnDe)
  5768 | D:5      | Killed Naeght's ghost
  6725 | D:5      | Reached skill level 8 in Fighting
  7098 | D:6      | Reached XP level 9. HP: 97/97 MP: 9/9
  7221 | D:6      | Mangled by a gnoll

Illustrated notes

Levels and vault maps discovered:
D:1:      sevenhm_arrival_forest_fort_small_3, layout_basic,
          hellmonk_ecumenical_altar_lost_god
D:2:      layout_basic, pf_guarded_unrand_woodcutter
D:3:      layout_rooms, demons_altar, chequers_garden, uniq_grinder
D:4:      layout_cave_pools, mainiacjoe_overflow_24_doors,
          lemuel_zombie_altar_kikubaaqudgha, mainiacjoe_overflow_boulevard,
          mainiacjoe_overflow_alcove_1, minmay_temple_entry_offerings,
          nicolae_shop_clearance, uniq_edmund
D:5:      layout_basic, elyvilon_altar_4, gammafunk_ghost_gnarly_gnolls
D:6:      lemuel_ice_spiral_2, layout_basic

Skill      XL: |  1  2  3  4  5  6  7  8 |
---------------+-------------------------+-----
Maces & Flails | 3 5 6 7 |  7.6
Dodging        | 3 4 5 |  5.8
Fighting       | 5 6 7 8 |  8.4

Action                   |  1- 3 |  4- 6 |  7- 9 || total
-------------------------+-------+-------+-------++-------
Melee: Mace              |    94 |       |       ||    94
       Flail             |     2 |    59 |   191 ||   252
       Punch             |     1 |       |     1 ||     2
Invok: Berserk           |     2 |     3 |     6 ||    11
       Trog's Hand       |       |       |     1 ||     1
Evoke: Wand              |       |       |     8 ||     8
  Use: Scroll            |       |       |    13 ||    13
       Potion            |       |       |     4 ||     4
Armor: Animal skin       |    28 |    10 |    57 ||    95
       Skin              |       |       |    61 ||    61
Dodge: Dodged            |    70 |    47 |   113 ||   230
